 Dungeon Crawl Stone Soup version 0.31.0-11-ge490571c62 (webtiles) character file.

Game seed: 15756948202026595237

266 Gadfly the Insei (level 6, -3/47 HPs)
             Began as a Demonspawn Monk on Feb 5, 2024.
             Slain by a hornet (8 damage)
             ... while paralysed by a hornet
             ... on level 4 of the Dungeon.
             The game lasted 00:03:40 (3405 turns).

Gadfly the Insei (Demonspawn Monk)                  Turns: 3405, Time: 00:03:40

Health: -3/47      AC:  3    Str: 20    XL:     6   Next: 0%
Magic:  6/6        EV:  2    Int: 10    God:
Gold:   295        SH:  0    Dex: 17    Spells: 5/5 levels left

rFire   . . .        b - +3 rapier (elec)
rCold   . . .        c - orb {light}
rNeg    . . .        a - +0 robe
rPois   .            (no helmet)
rElec   .            (no cloak)
rCorr   .            (no gloves)
SInv    .            h - +0 pair of boots
Will    ++...        (no amulet)
Stlth   +            f - ring of willpower
HPRegen 0.27/turn    e - +6 ring of strength
MPRegen 0.10/turn

%: no passive effects
@: confused, paralysed, agile, lethally poisoned (-3 -> -9), ambrosia-drunk,
enlightened, flying, slowed, glowing
A: thin skeletal structure 1, powered by death 2, powered by pain 2
a: no special abilities


You were on level 4 of the Dungeon.
You visited 2 branches of the dungeon, and saw 5 of its levels.

You collected 295 gold pieces.

Inventory:

Hand Weapons
 b - a +3 rapier of electrocution (weapon)
 g - a +0 mace of protection
Armour
 a - a +0 robe (worn)
 c - an orb of light (worn)
 h - a +0 pair of boots (worn)
Jewellery
 e - a +6 ring of strength (right hand)
 f - a ring of willpower (left hand)
 j - a ring of protection from cold
Scrolls
 d - a scroll of identify
 k - a scroll of noise {unknown}
 n - a scroll of fear


   Skills:
 - Level 3.0 Fighting
 + Level 3.4 Dodging
 * Level 4.0 Unarmed Combat
 * Level 2.9 Evocations
 * Level 2.3 Shapeshifting


You had 5 spell levels left.
You didn't know any spells.
Your spell library contained the following spells:

 Spells                   Type           Power      Damage    Failure   Level
 Inner Flame              Hex/Fire       0%         N/A       75%         3
 Flame Wave               Conj/Fire      0%         2d4       98%         4
 Sticky Flame             Fire/Alch      0%         2d4       98%         4


Dungeon Overview and Level Annotations

Branches:
Dungeon (4/15)             Temple (1/1) D:4

Altars:
Ashenzari
Cheibriados
Dithmenos
Fedhas
Gozag
Hepliaklqana
Makhleb
Nemelex Xobeh
Okawaru
Sif Muna
Trog
Uskayaw
Wu Jian
Xom

Annotations:
D:4 Blork the orc


Innate Abilities, Weirdness & Mutations

You have a somewhat thin skeletal structure. (Dex +2, Stealth+)
You regenerate health from kills.
You sometimes gain power by taking damage.


Message History

You feel as though you will be slow longer.
The hornet stings you.
You feel as though you will be slow longer.
You are too injured to fight recklessly!
You barely miss the hornet.
The hornet is lightly wounded.
You feel sick. The hornet closely misses you. The hornet stings you!
* * * LOW HITPOINT WARNING * * *
You feel as though you will be slow longer.
The hornet closely misses you.
You hit the hornet but do no damage. Lightning courses through the hornet!
The hornet is heavily wounded.
You feel sick.
You are no longer poisoned.
The hornet stings you but does no damage.
The hornet stings you!
* * * LOW HITPOINT WARNING * * *
You feel as though you will be slow longer.
It was a potion of enlightenment.
You feel very buoyant.
You fly up into the air.
The hornet closely misses you.
The hornet stings you but does no damage.
The hornet closely misses you.
It was a potion of curing.
You feel better. The hornet closely misses you. The hornet barely misses you.
You are confused.
You feel invigorated. The hornet misses you. The hornet stings you!
* * * LOW HITPOINT WARNING * * *
You are lethally poisoned!
You feel as though you will be slow longer.
You hit the hornet but do no damage.
The hornet is moderately wounded.
You feel very sick. The hornet barely misses you.
The hornet completely misses you. The hornet stings you!
* * * LOW HITPOINT WARNING * * *
You suddenly lose the ability to move!
* * * LOW HITPOINT WARNING * * *
You feel sick. The hornet stings you!
You die...

..## ...## .#..## ### #
###..## #.# .# # ##..##
##.# #..# #...###..#
####$.... ##...##..#
###........
##..[#..#####yh........
#####..†####..@#l........
###............###.........
....)#######.### #.........
....## #..# #.........
##### #.## #####...## # ###
####


You could see a hornet and a black bear.

Vanquished Creatures
  Eustachio (D:4)
  A hound (D:3)
  Jessica (D:3)
  3 adders
  A dart slug (D:1)
  6 ball pythons
  6 bats
  6 endoplasms
  2 giant cockroaches
  A goblin (D:1)
  4 hobgoblins
  6 kobolds
  2 quokkas (D:3)
  4 frilled lizards
  3 rats
47 creatures vanquished.

Notes
Turn   | Place    | Note
-------+----------+-------------------------------------------
     0 | D:1      | Gadfly the Demonspawn Monk began the quest for the Orb.
     0 | D:1      | Reached XP level 1. HP: 18/18 MP: 1/1
   216 | D:1      | Gained mutation: You regenerate a little health from kills.
                  | [demonic ancestry]
   216 | D:1      | Reached XP level 2. HP: 23/24 MP: 2/2
   450 | D:1      | Reached skill level 1 in Evocations
   555 | D:1      | Reached skill level 3 in Unarmed Combat
  1126 | D:2      | Reached skill level 1 in Shapeshifting
  1126 | D:2      | Gained mutation: You have a somewhat thin skeletal
                  | structure. (Dex +2, Stealth+) [demonic ancestry]
  1126 | D:2      | Reached XP level 3. HP: 26/29 MP: 3/3
  2113 | D:3      | Found a hide-covered altar of Uskayaw.
  2113 | D:3      | Noticed a +0 spear
  2113 | D:3      | Noticed a +0 falchion
  2114 | D:3      | Noticed a +0 dagger
  2114 | D:3      | Noticed a +0 spear
  2115 | D:3      | Noticed a +0 dagger
  2117 | D:3      | Noticed a +0 short sword
  2117 | D:3      | Noticed a +0 falchion
  2118 | D:3      | Noticed a +0 short sword
  2311 | D:3      | Found a faded altar of an unknown god.
  2314 | D:3      | Noticed Jessica
  2320 | D:3      | Killed Jessica
  2321 | D:3      | Gained mutation: You sometimes gain a little power by
                  | taking damage. [demonic ancestry]
  2321 | D:3      | Reached XP level 4. HP: 33/35 MP: 4/4
  2861 | D:4      | Found an opulent altar of Gozag.
  2903 | D:4      | Noticed Blork the orc
  3073 | D:4      | Found a staircase to the Ecumenical Temple.
  3100 | Temple   | Entered the Ecumenical Temple
  3175 | D:4      | Noticed Eustachio
  3193 | D:4      | Killed Eustachio
  3194 | D:4      | Reached skill level 4 in Unarmed Combat
  3194 | D:4      | Gained mutation: You sometimes gain power by taking damage.
                  | [demonic ancestry]
  3194 | D:4      | Reached XP level 5. HP: 4/41 MP: 5/5
  3196 | D:4      | Gained mutation: You regenerate health from kills. [demonic
                  | ancestry]
  3196 | D:4      | Reached XP level 6. HP: 7/47 MP: 6/6
  3392 | D:4      | Noticed a hornet
  3404 | D:4      | HP: 2/47 [hornet (10)]
  3404 | D:4      | Paralysed by a hornet for 2 turns
  3405 | D:4      | Slain by a hornet

Illustrated notes

Levels and vault maps discovered:
D:1:      dpeg_arrival_rooms_b, layout_basic, nrook_mini_vaults,
          minmay_tromino_v4_a
D:2:      layout_basic, glass_columns_a, wander_ebering_terrifying_dragon_lair
D:3:      layout_basic, mainiacjoe_overflow_six_doors_small,
          nicolae_uskayaw_en_pointe, serial_forest,
          infiniplex_forest_straight_4, infiniplex_forest_lined_1,
          infiniplex_forest_straight_5, infiniplex_forest_clump_C,
          infiniplex_forest_clump_cross, infiniplex_forest_corner_1,
          infiniplex_forest_end_2, ebering_ecumenical_altar_webs, uniq_jessica
D:4:      layout_cave_pods, grunt_gozag_breadcrumbs,
          minmay_temple_entry_butterflies, uniq_blork_the_orc, uniq_eustachio
Temple:   jpeg_temple_clearing

Skill      XL: |  1  2  3  4 |
---------------+-------------+-----
Evocations     | 1 2 |  2.9
Unarmed Combat | 3 4 |  4.0
Shapeshifting  | 1 2 |  2.3
Dodging        | 3 |  3.4
Fighting       | |  3.0

Action                     |  1- 3 |  4- 6 || total
---------------------------+-------+-------++-------
  Melee: Unarmed           |   117 |    32 ||   149
         Rapier            |       |     4 ||     4
    Use: Scroll            |     6 |     1 ||     7
         Potion            |       |     3 ||     3
   Stab: Sleeping          |       |     1 ||     1
 Armour: Robe              |    44 |    30 ||    74
  Dodge: Dodged            |    75 |    41 ||   116
